 Dungeon Crawl Stone Soup version 0.24-a0-249-g2af7e83 (webtiles) character file.

Game seed: 66823695963422271

336 Borgoz the Cutter (level 6, -1/37 HPs)
             Began as a Kobold Gladiator on Apr 14, 2019.
             Slain by Menkaure (15 damage)
             ... on level 2 of the Dungeon.
             The game lasted 00:04:17 (2256 turns).

Borgoz the Cutter (Kobold Gladiator)                Turns: 2256, Time: 00:04:17

Health: -1/37      AC:  5    Str: 12    XL:     6   Next: 84%
Magic:  0/6        EV: 17    Int:  9    God:
Gold:   200        SH:  0    Dex: 18    Spells: 5/5 levels left

rFire    . . .     SeeInvis .   a - +0 rapier
rCold    . . .     Gourm    .   (shield restricted)
rNeg     . . .     Faith    .   b - +0 leather armour
rPois    .         Spirit   +   c - +0 helmet
rElec    .         Reflect  .   w - +0 cloak
rCorr    .         Harm     .   (no gloves)
MR       +....                  (no boots)
Stlth    ++........             h - amulet of guardian spirit
HPRegen  0.12/turn              j - ring of protection from magic
MPRegen  0.10/turn              (no ring)

@: no status effects
A: small, carnivore
a: no special abilities


You were on level 2 of the Dungeon.
You were completely stuffed.

You visited 1 branch of the dungeon, and saw 4 of its levels.

You collected 200 gold pieces.

Inventory:

Hand Weapons
 a - a +0 rapier (weapon)
Missiles
 d - a throwing net (quivered)
Armour
 b - a +0 leather armour (worn)
 c - a +0 helmet (worn)
 m - a scarf of resistance
 w - a +0 cloak (worn)
Jewellery
 h - an amulet of guardian spirit (around neck)
 j - a ring of protection from magic (left hand)
 k - an uncursed amulet of regeneration
Scrolls
 e - 2 scrolls of enchant armour {unknown}
 g - 2 scrolls of blinking {unknown}
 i - 3 scrolls of identify {unknown}
 n - a scroll of fear {unknown}
 q - 2 scrolls of amnesia {unknown}
 s - a scroll of fog {unknown}
 x - a scroll of noise {unknown}
Potions
 l - a potion of degeneration {unknown}
 o - 2 potions of brilliance {unknown}
 p - a potion of haste
 t - a potion of curing {unknown}
 u - a potion of resistance {unknown}
 v - a potion of agility {unknown}
Comestibles
 f - 8 rations


   Skills:
 + Level 3.4 Fighting
 + Level 5.3 Short Blades
 - Level 2.1 Throwing
 * Level 2.9 Armour
 + Level 4.7 Dodging
 + Level 3.3 Stealth


You had 5 spell levels left.
You didn't know any spells.
Your spell library was empty.

Dungeon Overview and Level Annotations

Branches:
Dungeon (4/15)
 Temple: D:4-7

Altars:
Ru

Annotations:
D:2 Eustachio, Menkaure
D:4 Blork the orc, Dowan, Duvessa


Innate Abilities, Weirdness & Mutations

You are small and have problems with some larger weapons.
You are carnivorous and can eat meat at any time.


Message History

Menkaure barely misses you.
You closely miss Menkaure.
Menkaure is moderately damaged.
Eustachio twirls his moustache.
Eustachio hits you but does no damage. Menkaure barely misses you.
You puncture Menkaure!
Menkaure is heavily damaged.
Menkaure barely misses you. Eustachio completely misses you.
You hit Menkaure.
Menkaure is severely damaged.
Menkaure hits you.
Eustachio mumbles some strange words.
Menkaure hits you!!
You are too injured to fight recklessly!
You are too injured to fight recklessly!
Unknown command.
You hit Menkaure but do no damage.
Menkaure is severely damaged.
Eustachio closely misses you. Menkaure hits you!
You die...

##########....####
#..........(......
#.########....####
#÷# #..(.# #.#
#####....# #.#
#....#####
#[####.##.# ###
#M##...##.######..
#@@55.............
#.##5####.######..
#.##.# #....# #..
#....# ####.# ###
###### #.#
####[#####
#.........
#...†.....
#.........


You could see Eustachio, Menkaure, an iron imp, a white imp and a shadow imp.

Vanquished Creatures
  An ogre (D:4)
  A scorpion (D:3)
  Crazy Yiuf (D:3)
  A hound (D:4)
  Terence (D:3)
  5 adders (D:2)
  An ooze (D:1)
  A worm (D:2)
  2 leopard geckos (D:1)
  5 orcs (D:3)
  3 ball pythons
  8 bats
  4 giant cockroaches
  8 goblins
  5 hobgoblins
  3 jackals (D:3)
  2 frilled lizards (D:2)
  8 kobolds
  6 rats
66 creatures vanquished.

Notes
Turn   | Place    | Note
-------+----------+-------------------------------------------
     0 | D:1      | Borgoz the Kobold Gladiator began the quest for the Orb.
     0 | D:1      | Reached XP level 1. HP: 12/12 MP: 1/1
   190 | D:1      | You fall through a shaft!
   200 | D:2      | Reached XP level 2. HP: 17/17 MP: 2/2
   209 | D:2      | Reached skill level 1 in Stealth
   268 | D:2      | Reached skill level 1 in Armour
   268 | D:2      | Reached XP level 3. HP: 6/22 MP: 3/3
   456 | D:1      | Reached XP level 4. HP: 27/27 MP: 4/4
  1222 | D:3      | Found a sacrificial altar of Ru.
  1309 | D:3      | Reached XP level 5. HP: 32/32 MP: 5/5
  1322 | D:3      | Noticed Terence
  1330 | D:3      | Killed Terence
  1475 | D:3      | Reached skill level 5 in Short Blades
  1563 | D:3      | Reached XP level 6. HP: 33/37 MP: 6/6
  1711 | D:4      | Noticed Eustachio
  1711 | D:4      | Noticed an ogre
  1716 | D:4      | Killed an ogre
  1718 | D:4      | Noticed Menkaure
  1718 | D:4      | Noticed Blork the orc
  1802 | D:3      | Found a runed translucent door.
  1803 | D:3      | Noticed Crazy Yiuf
  1974 | D:3      | Killed Crazy Yiuf
  2017 | D:4      | Noticed Duvessa
  2017 | D:4      | Noticed Dowan
  2256 | D:2      | Slain by Menkaure

Levels and vault maps discovered:
D:1:      dpeg_arrival_tiny_a, layout_basic
D:2:      layout_basic, first_ration
D:3:      layout_basic, nicolae_ru_sacrificial_ziggurat, uniq_terence,
          uniq_crazy_yiuf_cottage
D:4:      layout_rooms, serial_shops, shop, uniq_eustachio, uniq_blork_the_orc,
          uniq_menkaure, uniq_duvessa

Skill      XL: |  1  2  3  4  5  6 |
---------------+-------------------+-----
Stealth        | 1 2 3 |  3.3
Armour         | 1 2 |  2.9
Dodging        | 4 |  4.7
Fighting       | 3 |  3.4
Short Blades   | 5 |  5.3
Throwing       | |  2.1

Action                   |  1- 3 |  4- 6 || total
-------------------------+-------+-------++-------
Melee: Rapier            |    62 |   147 ||   209
Throw: Throwing net      |       |     2 ||     2
  Use: Potion            |     2 |     1 ||     3
 Stab: Sleeping          |     1 |    10 ||    11
       Held in net/web   |       |     2 ||     2
  Eat: Chunk             |     7 |     6 ||    13
Armor: Leather armour    |    19 |    17 ||    36
Dodge: Dodged            |    69 |   122 ||   191

Table legend:
 A = Non-vault XP
 B = Vault XP
 C = Vault XP percentage of total XP
 D = Non-vault monster count
 E = Vault monster count
 F = Vault count percentage of total count
                 A         B        C        D         E       F
            +---------+---------+-------+---------+---------+-------
      Total |     408 |      72 |  15.0 |      64 |       2 |   3.0
            +---------+---------+-------+---------+---------+-------
        D:1 |      37 |       0 |   0.0 |      18 |       0 |   0.0
        D:2 |      95 |       0 |   0.0 |      21 |       0 |   0.0
        D:3 |     115 |      72 |  38.5 |      23 |       2 |   8.0
        D:4 |     161 |       0 |   0.0 |       2 |       0 |   0.0
            +---------+---------+-------+---------+---------+-------
